 Dungeon Crawl Stone Soup version 0.19.0-24-gb05acd6 (webtiles) character file.

458 Leibowitz the Sneak (level 6, -2/47 HPs)
             Began as a Demigod Enchanter on Nov 21, 2016.
             Slain by a gnoll
             ... wielding a +0 spear
              (8 damage)
             ... on level 3 of the Dungeon.
             The game lasted 00:16:30 (5045 turns).

Leibowitz the Sneak (Demigod Enchanter)             Turns: 5045, Time: 00:16:30

Health: -2/47      AC:  4    Str: 11    XL:     6   Next: 48%
Magic:  2/15       EV: 13    Int: 28    God:
Gold:   124        SH:  3    Dex: 16    Spells: 4 memorised, 3 levels left

rFire  . . .     SeeInvis .     a - +1 dagger
rCold  + . .     Gourm    .     b - +1 robe
rNeg   . . .     Faith    .     (no shield)
rPois  .         Spirit   .     (no helmet)
rElec  .         Reflect  +     e - +0 cloak
rCorr  .         Harm     .     (no gloves)
MR     .....                    (no boots)
Stlth  +++.......               m - +3 amulet of reflection
                                (no ring)
                                (no ring)

@: brilliant
A: blurry vision 1, cold resistance 1, high mp 2
a: no special abilities


You were on level 3 of the Dungeon.
You were not hungry.

You visited 1 branch of the dungeon, and saw 3 of its levels.

You collected 124 gold pieces.

Inventory:

Hand Weapons
 a - a +1 dagger (weapon)
Armour
 b - a +1 robe (worn)
 e - a +0 cloak (worn)
Jewellery
 m - a +3 amulet of reflection (around neck)
 r - an uncursed ring of flight {unknown}
Scrolls
 i - 3 scrolls of remove curse
 j - a scroll of fear {unknown}
 o - a scroll of random uselessness {unknown}
 p - 2 scrolls of teleportation {unknown}
Potions
 h - a potion of mutation
 n - a potion of ambrosia {unknown}
Books
 c - a book of Maledictions

   Spells                             Type                      Level
   a - Corona                         Hexes                        1
   b - Ensorcelled Hibernation        Hexes/Ice                    2
   c - Confuse                        Hexes                        3
   d - Tukima's Dance                 Hexes                        3
   e - Dazzling Spray                 Conjuration/Hexes            3
Comestibles
 d - a bread ration
 f - a beef jerky
 g - a chunk of flesh
 l - 3 meat rations


   Skills:
 + Level 1.0 Fighting
 + Level 1.8 Short Blades
 + Level 2.5 Dodging
 + Level 4.0 Stealth
 * Level 3.6 Spellcasting
 + Level 3.9 Hexes
 + Level 1.5 Ice Magic


You had 3 spell levels left.
You knew the following spells:

 Your Spells              Type           Power        Failure   Level  Hunger
a - Corona                Hex            #####..      1%          1    None
b - Ensorcelled Hibernat  Hex/Ice        #####.       1%          2    None
c - Confuse               Hex            #####...     1%          3    ##.....
d - Tukima's Dance        Hex            #####...     1%          3    ##.....


Dungeon Overview and Level Annotations

Branches:
Dungeon (3/15)


Innate Abilities, Weirdness & Mutations

You have a considerably increased reservoir of magic. (+20% MP)
Scrolls take you a little longer to read.
Your flesh is cold resistant. (rC+)


Message History

You impale the gnoll!!
You kill the gnoll!
Your life force feels restored.
The gnoll closely misses you. The gnoll hits you with a spear!
* * * LOW HITPOINT WARNING * * *
It was a potion of mutation.
You feel extremely strange.
You feel more energetic.
Your vision blurs.
You feel resistant to cold. The gnoll barely misses you.
It was a potion of brilliance.
You feel clever all of a sudden. The gnoll completely misses you.
You hit the gnoll but do no damage. You hit the gnoll.
The gnoll is lightly wounded.
The gnoll closely misses you.
You closely miss the gnoll.
The gnoll is lightly wounded.
The gnoll hits you with a spear!
You die...

.................# ###......#
.#####.########..#######.......##
.# #.# #..##.............. .# #.#
#.....####.......#. .#####.#
##.#### ###...###. .......# #.#
#...# #. .####### #.# ##.## #. .#
#.# #.####. .# #@# #...... .# #g#
######. .# #.# #. .# #.# ######.
.# #.# ##...).. .## #.# ##...####
..## ###.# ####........ ...#
#)..# #.......#### ...# #.###
#.####.##


You could see a gnoll.

Vanquished Creatures
  An ogre (D:3)
  A gnoll shaman (D:3)
  Terence (D:2)
  3 adders
  16 gnolls (D:3)
  An ooze (D:2)
  3 worms
  4 leopard geckos
  3 orcs (D:3)
  5 giant cockroaches
  8 goblins
  8 hobgoblins
  19 jackals
  12 bats
  6 frilled lizards
  6 kobolds
  10 rats
107 creatures vanquished.

Vanquished Creatures (collateral kills)
  An ogre (D:3)
1 creature vanquished.

Vanquished Creatures (others)
  2 dancing weapons (D:3)
2 creatures vanquished.

Grand Total: 110 creatures vanquished

Notes
Turn   | Place    | Note
-------+----------+-------------------------------------------
     0 | D:1      | Leibowitz the Demigod Enchanter began the quest for the Orb.
     0 | D:1      | Reached XP level 1. HP: 14/14 MP: 5/5
   265 | D:1      | Reached XP level 2. HP: 19/20 MP: 4/7
   269 | D:1      | Learned a level 2 spell: Ensorcelled Hibernation
   293 | D:1      | Reached skill level 1 in Short Blades
   600 | D:1      | Reached skill level 3 in Stealth
  1455 | D:2      | Reached XP level 3. HP: 15/27 MP: 1/8
  2166 | D:2      | Found an iron altar of Okawaru.
  2166 | D:2      | Noticed Terence
  2167 | D:2      | Found a deep blue altar of Sif Muna.
  2170 | D:2      | Killed Terence
  2170 | D:2      | Reached XP level 4. HP: 32/34 MP: 7/10
  2257 | D:2      | Learned a level 3 spell: Confuse
  2599 | D:3      | Reached skill level 1 in Ice Magic
  2632 | D:3      | Noticed an ogre
  2671 | D:3      | Killed an ogre
  2671 | D:3      | Reached XP level 5. HP: 11/39 MP: 2/12
  3241 | D:3      | Reached skill level 1 in Fighting
  4446 | D:3      | Reached XP level 6. HP: 31/47 MP: 1/13
  4541 | D:3      | Learned a level 3 spell: Tukima's Dance
  4592 | D:3      | Reached skill level 4 in Stealth
  5041 | D:3      | Gained mutation: You have a considerably increased reservoir of magic. (+20% MP) [potion of mutation]
  5041 | D:3      | Gained mutation: Scrolls take you a little longer to read. [potion of mutation]
  5041 | D:3      | Gained mutation: Your flesh is cold resistant. (rC+) [potion of mutation]
  5045 | D:3      | Slain by a gnoll

Skill      XL: |  1  2  3  4  5  6 |
---------------+-------------------+-----
Short Blades   | 1 |  1.8
Hexes          | 3 |  3.9
Stealth        | 3 4 |  4.0
Spellcasting   | 2 3 |  3.6
Dodging        | 2 |  2.5
Ice Magic      | 1 |  1.5
Fighting       | 1 |  1.0

Action                   |  1- 3 |  4- 6 || total
-------------------------+-------+-------++-------
Melee: Dagger            |   159 |   264 ||   423
 Cast: Corona            |     2 |       ||     2
       Ensorcelled Hiber |    26 |    31 ||    57
       Confuse           |       |    32 ||    32
       Tukima's Dance    |       |     3 ||     3
  Use: Scroll            |     2 |       ||     2
       Potion            |       |     4 ||     4
 Stab: Sleeping          |    20 |    17 ||    37
       Distracted        |     1 |     1 ||     2
       Confused          |       |     6 ||     6
  Eat: Chunk             |     6 |    14 ||    20
Armor: Robe              |    50 |    47 ||    97
Dodge: Dodged            |    98 |   159 ||   257
Block: Other             |       |    32 ||    32
